Map: [ESL] Radhuset Station

Players

Kelazhur

  • Race: Terran Terran
  • Spawn Location: 7:00

SKillous - Winner!

  • Race: Protoss Protoss
  • League: Grandmaster
  • Spawn Location: 1:00

Event: IEM Katowice 2024

VOD

Have the link to the VOD?

Description

Time

  • Played on: Dec. 8, 2023, 3:13 p.m.
  • Length: 29:38

All games in this series

Show
View Real Time Build Order
Export as new Build Order

Kelazhur Terran 

Build Orders:  

Get SALT Encoding   

  12  0:00  SCV  
  13  0:12  SCV  
  14  0:18  Supply Depot  
  14  0:24  SCV  
  15  0:39  SCV  
  15  0:40  Barracks  
  16  0:51  SCV  
  17  1:03  SCV  
  18  1:15  Command Center  
  18  1:18  SCV  
  19  1:27  Marine  
  19  1:32  Orbital Command  
  20  1:45  Marine  
  21  1:49  Supply Depot  
  21  1:53  Barracks  
  21  1:58  SCV  
  22  2:03  Marine  
  23  2:11  SCV  
  24  2:21  Marine  
  25  2:23  SCV  
  25  2:29  Orbital Command  
  26  2:35  SCV  
  26  2:44  Command Center  
  26  2:45  Marine  
  26  2:47  Marine  
  28  2:54  SCV  
  28  2:55  SCV  
  30  3:01  Barracks  
  30  3:05  Marine  
  31  3:06  SCV  
  31  3:07  Marine, SCV  
  34  3:13  Refinery  
  34  3:18  SCV, Refinery  
  34  3:19  SCV  
  36  3:24  Marine  
  36  3:25  Marine  
  38  3:29  Supply Depot  
  38  3:30  SCV  
  38  3:31  SCV  
  40  3:41  Marine  
  40  3:42  SCV  
  40  3:43  SCV  
  40  3:45  Barracks Tech Lab  
  40  3:48  Engineering Bay  
  43  3:50  Marine  
  43  3:55  SCV x2  
  46  3:59  Marine  
  47  4:04  Orbital Command  
  47  4:06  Marine  
  47  4:07  Stimpack, SCV  
  47  4:08  Marine  
  50  4:13  SCV  
  50  4:15  Orbital Command  
  51  4:19  SCV  
  52  4:25  Barracks Reactor, Supply Depot, SCV  
  52  4:27  Barracks Tech Lab  
  52  4:28  Marauder  
  52  4:30  Barracks  
  52  4:31  SCV  
  56  4:35  Barracks  
  56  4:37  SCV  
  57  4:43  SCV  
  57  4:44  SCV  
  59  4:46  Marauder  
  59  4:49  Combat Shield, Marauder, SCV  
  64  4:55  SCV  
  64  4:56  SCV  
  64  4:58  Supply Depot  
  66  5:03  Marine x2  
  66  5:04  SCV  
  66  5:06  Refinery  
  69  5:07  Marauder, SCV  
  69  5:08  SCV  
  69  5:10  Marauder, Refinery  
  75  5:17  Factory  
  75  5:18  SCV  
  75  5:19  SCV  
  77  5:23  SCV  
  77  5:27  Supply Depot  
  77  5:28  Marine x2  
  79  5:29  Supply Depot  
  79  5:30  SCV  
  79  5:31  SCV  
  75  5:36  Marauder  
  75  5:38  SCV  
  75  5:42  SCV  
  79  5:44  SCV  
  79  5:45  Marauder  
  79  5:47  Barracks Reactor, Barracks Tech Lab, Marine  
  79  5:48  Marine  
  82  5:50  SCV  
  82  5:54  SCV  
  82  5:56  Missile Turret, Concussive Shells  
  84  5:57  Missile Turret  
  84  5:58  Marauder  
  84  5:59  SCV  
  84  6:02  SCV  
  85  6:06  SCV  
  85  6:07  Marine  
  85  6:08  Marauder, Starport  
  85  6:09  Factory Reactor  
  89  6:13  SCV  
  89  6:14  Marauder  
  92  6:19  SCV  
  92  6:22  Marauder  
  92  6:24  SCV  
  92  6:25  Terran Infantry Weapons Level 1, SCV  
  97  6:31  SCV  
  97  6:32  Supply Depot  
  98  6:33  Marine  
  98  6:34  Marauder  
  101  6:47  Supply Depot  
  101  6:48  Supply Depot  
  101  6:52  Bunker  
  101  6:53  Marauder, SCV x3, Marine x4  
  109  6:54  Bunker, Marine  
  109  6:56  Marauder  
  109  7:05  Viking x2  
  109  7:06  SCV x2  
  115  7:11  Factory Reactor, Marine  
  115  7:12  Marauder  
  115  7:14  Marine x2  
  115  7:15  Marine, Marauder  
  123  7:28  Marauder  
  123  7:29  Marine  
  126  7:32  Marine  
  126  7:33  Refinery  
  126  7:35  Medivac x2, Refinery  
  126  7:36  Armory  
  131  7:38  Marauder, Engineering Bay  
  133  7:45  Supply Depot  
  133  7:47  Supply Depot  
  133  7:55  Supply Depot  
  133  7:56  Supply Depot  
  133  8:06  Medivac x2, Marine, SCV x3  
  133  8:08  Marine x4, Supply Depot, Terran Infantry Armor Level 1  
  133  8:09  Widow Mine, Marauder  
  149  8:12  Supply Depot  
  149  8:15  Supply Depot  
  149  8:17  Marauder, Widow Mine  
  155  8:24  Marine  
  155  8:25  Command Center  
  155  8:26  Marine x3  
  157  8:30  Widow Mine, Marauder  
  157  8:33  Marine  
  162  8:34  Terran Infantry Weapons Level 2  
  162  8:36  Medivac x2  
  162  8:37  Ghost Academy  
  162  8:38  Widow Mine, Marine  
  162  8:40  Missile Turret x2  
  169  8:43  Supply Depot  
  169  8:44  Marauder  
  169  8:45  Supply Depot  
  171  8:49  Marine x3  
  171  8:51  Marauder  
  175  8:59  Marauder, Marine  
  178  9:05  Supply Depot, Marauder  
  178  9:07  Marine  
  178  9:08  Widow Mine x2  
  178  9:09  Viking x2  
  188  9:12  Ghost  
  189  9:20  Ghost  
  189  9:23  Marine x2  
  189  9:26  Ghost  
  189  9:27  Marine x2  
  193  9:34  Widow Mine  
  193  9:35  Widow Mine  
  197  9:39  Viking  
  197  9:41  Marine  
  200  9:55  Viking  
  189  10:02  Marine x2  
  189  10:03  Marauder  
  176  10:08  Ghost x2  
  176  10:11  SCV x4  
  176  10:17  Viking  
  176  10:20  Marine x2  
  177  10:23  Ghost, SCV x3  
  177  10:24  Terran Infantry Armor Level 2  
  177  10:26  SCV  
  177  10:27  Marine x2  
  185  10:31  Viking  
  187  10:35  SCV x2  
  187  10:36  Ghost, SCV  
  187  10:40  Ghost, Marine x2  
  196  10:45  Marine  
  189  10:54  Marine  
  189  10:55  Marauder  
  189  10:56  Terran Infantry Weapons Level 3  
  189  10:58  Marine x2  
  189  10:59  SCV x3  
  189  11:02  Widow Mine x2  
  192  11:06  Viking, Marine, Marauder  
  192  11:09  Marauder  
  199  11:12  Marine  
  199  11:14  Planetary Fortress  
  200  11:36  Marine x2  
  200  11:37  Marauder x2  
  200  11:39  Marauder  
  197  11:40  Marine  
  197  11:44  Marine  
  182  11:50  Widow Mine, Medivac x2  
  182  11:51  Widow Mine  
  183  11:54  Marine x2  
  183  11:58  Marine, Marauder  
  183  11:59  Marauder  
  183  12:00  Marauder, SCV x4  
  195  12:01  Barracks  
  195  12:07  Barracks  
  191  12:08  Barracks  
  172  12:16  Widow Mine  
  172  12:17  Marine x2, Widow Mine  
  172  12:19  Marauder  
  172  12:20  Medivac x2  
  172  12:21  Marauder, Marine x2  
  167  12:33  Marauder  
  167  12:34  Marine, SCV x2  
  167  12:35  SCV, Marine  
  161  12:39  Marine  
  161  12:42  Widow Mine x2  
  166  12:44  Marine x2  
  166  12:45  Marauder  
  152  12:53  Marine x2  
  152  12:55  Marauder  
  152  12:56  Marine  
  156  13:01  Barracks Tech Lab x2  
  156  13:02  Barracks Tech Lab  
  156  13:03  Marauder  
  156  13:05  Command Center, Medivac  
  155  13:06  Medivac  
  157  13:15  Marauder  
  157  13:16  Marauder, Marine  
  157  13:18  Widow Mine x2  
  166  13:21  Terran Infantry Armor Level 3  
  166  13:24  Marauder  
  168  13:28  Ghost  
  168  13:29  Ghost x2, Marine x3  
  168  13:34  Marine  
  177  13:40  Widow Mine x2  
  182  13:46  Ghost  
  184  13:49  Ghost  
  184  13:51  Ghost  
  184  13:53  Marine x3  
  184  13:54  Marine  
  191  14:00  Ghost  
  179  14:04  Ghost x2  
  183  14:11  Marine x3  
  183  14:13  Widow Mine x2  
  190  14:17  Ghost  
  190  14:21  Refinery  
  190  14:22  Refinery  
  190  14:34  Ghost  
  185  14:41  Ghost  
  185  14:44  Ghost  
  185  14:45  Marine x2  
  178  14:47  Widow Mine x2  
  183  14:53  Medivac  
  183  14:55  Marine x3  
  183  14:56  Marauder x2  
  189  15:03  Marauder, Marine x2  
  189  15:04  Starport  
  193  15:09  Medivac  
  193  15:10  Marine  
  193  15:14  Marauder x2, Marine x2  
  198  15:19  Marine  
  167  15:47  Marine  
  167  15:48  Marauder x2, Marine x7  
  157  15:53  Widow Mine  
  157  15:54  Widow Mine  
  151  15:59  Medivac x2  
  150  16:05  Marine x3  
  150  16:06  Marauder x4  
  150  16:09  Planetary Fortress, Marauder x2  
  161  16:13  Marine  
  161  16:16  Starport Reactor  
  161  16:17  Terran Ship Weapons Level 1, Fusion Core  
  160  16:18  Hi-Sec Auto Tracking  
  160  16:23  Marine  
  161  16:27  Marauder  
  161  16:30  Marauder x2  
  165  16:33  Marine, Marauder  
  165  16:34  Marauder, Marine x3  
  165  16:35  Liberator  
  176  16:41  Marine  
  176  16:43  Missile Turret  
  176  16:44  Missile Turret  
  176  16:46  Missile Turret  
  175  16:48  Marine  
  175  16:51  Marauder  
  174  17:01  Marauder x2  
  172  17:03  Marauder, Marine  
  172  17:05  Widow Mine  
  173  17:10  Advanced Ballistics  
  171  17:28  Liberator x2  
  171  17:29  Liberator  
  180  17:32  Liberator  
  183  18:01  Widow Mine  
  183  18:02  Widow Mine  
  187  18:07  Command Center  
  187  18:11  Liberator x3  
  187  18:12  Terran Ship Weapons Level 2  
  196  18:15  Liberator  
  178  18:38  Marine x2, Marauder x4  
  178  18:39  Marauder x2  
  192  18:41  Missile Turret  
  192  18:45  Refinery  
  192  18:48  Marine  
  192  18:54  Liberator x2  
  188  19:10  Marauder  
  188  19:14  Marauder  
  152  19:17  Marauder x2  
  152  19:18  Marauder x2  
  150  19:28  Marine  
  150  19:29  Widow Mine x2  
  142  19:31  Liberator x2, Marauder  
  142  19:35  Marauder  
  150  19:39  Marauder x2  
  150  19:40  Marauder x2  
  158  19:48  Marine x2  
  162  19:53  Liberator x2, Marauder  
  162  19:57  Marauder  
  162  19:59  Ghost  
  164  20:00  Ghost, Marauder  
  164  20:05  Marauder  
  166  20:07  Marine  
  166  20:10  Marine x2  
  171  20:14  Marauder  
  171  20:18  Marauder  
  173  20:21  Marauder  
  173  20:23  Widow Mine x2  
  173  20:27  Marauder  
  179  20:29  Marine, Marauder  
  179  20:30  Liberator x2, Marauder  
  190  20:39  Missile Turret  
  190  20:42  Planetary Fortress  
  187  20:47  Terran Ship Weapons Level 3, Widow Mine x2  
  191  20:52  Marauder  
  191  20:54  Liberator  
  196  20:58  Liberator  
  196  21:10  Marauder  
  196  21:11  Marauder  
  186  21:17  Marauder x2  
  185  21:26  Liberator x2  
  189  21:37  Liberator  
  192  21:40  Neosteel Armor  
  192  21:41  Liberator  
  192  21:46  Marauder x2  
  192  22:11  Marauder x2  
  192  22:12  Marauder  
  190  22:17  Command Center, Widow Mine x2  
  190  22:19  Liberator x2  
  196  22:36  Marauder x2  
  194  22:39  Marauder, Marine x2  
  190  22:56  Marauder x2, Marine x2  
  190  22:58  Liberator  
  199  23:02  Marine  
  193  23:13  Command Center  
  193  23:14  Marauder  
  193  23:16  Marauder, Marine  
  193  23:17  Marauder  
  197  23:35  Marauder x2  
  197  23:36  Marauder x2, Marine  
  197  23:39  Marine x2  
  197  23:40  Marauder  
  192  23:53  Marauder, Marine x2  
  179  23:56  Liberator x2  
  179  23:57  Marauder, Marine x2  
  175  24:11  Marauder  
  169  24:20  Marauder x3, Marine  
  169  24:21  Marine  
  162  24:27  Marauder  
  160  24:33  Marauder  
  143  24:58  Marauder x2, Marine x3  
  143  24:59  Marauder x2  
  157  25:00  Marauder  
  157  25:05  Planetary Fortress  
  143  25:14  Widow Mine  
  143  25:15  Widow Mine  
  129  25:36  Widow Mine x2  
  133  26:23  Marine x5  
  138  26:28  Factory  
  136  26:40  Marine  
  136  26:41  Marine x4  
  141  26:53  Missile Turret  
  141  26:58  Marine x2  
  141  26:59  Marine x2  
  143  27:03  Marine  
  123  27:16  Marine x4  
  123  27:21  Marine  
  123  27:34  Marine x4  
  126  27:38  Marine  
  91  27:52  Marine x3  
  91  27:55  Marine  
  91  27:56  Marine  
  92  28:10  Orbital Command, Marine x3  
  95  28:13  Marine  
  95  28:14  Marine  
  97  28:27  Marine  
  97  28:28  Marine x2  
  97  28:31  Marine  
  97  28:32  Marine  
  102  28:45  Marine x3  
  105  28:49  Marine  
  105  28:50  Marine  
  100  29:03  Marine  
  100  29:04  Marine  
  100  29:08  Marine  
  102  29:10  Marine  
  102  29:12  Supply Depot  
  102  29:13  Marine  
Show
View Real Time Build Order
Export as new Build Order

SKillous Protoss - Winner!

Build Orders: 1 Gate Expand, Colossus Rush 

Get SALT Encoding   

  12  0:00  Probe  
  13  0:12  Probe  
  14  0:19  Pylon  
  14  0:24  Probe  
  15  0:37  Probe (Chrono Boost)  
  15  0:39  Gateway  
  16  0:45  Assimilator  
  16  0:48  Probe (Chrono Boost)  
  17  0:53  Probe (Chrono Boost)  
  18  1:04  Probe  
  19  1:16  Probe  
  20  1:25  Nexus  
  20  1:35  Cybernetics Core  
  20  1:38  Probe  
  21  1:45  Assimilator  
  21  1:50  Probe  
  21  1:53  Pylon  
  22  2:02  Probe (Chrono Boost)  
  22  2:08  Adept (Chrono Boost)  
  23  2:11  Warp Gate  
  23  2:14  Probe (Chrono Boost)  
  26  2:22  Probe (Chrono Boost)  
  27  2:31  Adept  
  27  2:34  Probe (Chrono Boost)  
  27  2:36  Robotics Facility  
  30  2:37  Probe (Chrono Boost)  
  31  2:49  Probe (Chrono Boost)  
  31  2:50  Probe (Chrono Boost)  
  33  2:54  Probe (Chrono Boost)  
  33  2:57  Probe  
  35  3:03  Probe  
  35  3:04  Adept  
  38  3:09  Probe  
  39  3:15  Probe  
  39  3:18  Pylon  
  40  3:21  Probe  
  40  3:25  Observer (Chrono Boost)  
  40  3:27  Shield Battery  
  40  3:28  Probe  
  40  3:29  Robotics Bay  
  40  3:33  Probe  
  42  3:39  Warp Prism (Chrono Boost)  
  42  3:40  Probe  
  45  3:45  Probe  
  46  3:52  Probe  
  47  3:57  Probe  
  47  3:59  Stalker  
  50  4:04  Probe  
  50  4:05  Pylon  
  51  4:11  Probe  
  51  4:12  Nexus  
  52  4:19  Colossus (Chrono Boost)  
  52  4:20  Probe (Chrono Boost)  
  59  4:28  Probe (Chrono Boost)  
  59  4:29  Pylon  
  60  4:32  Probe (Chrono Boost)  
  60  4:33  Assimilator  
  60  4:34  Assimilator  
  62  4:40  Probe (Chrono Boost)  
  62  4:42  Pylon  
  62  4:46  Extended Thermal Lance, Probe  
  62  4:49  Pylon, Probe  
  64  4:58  Probe  
  65  5:01  Probe  
  65  5:03  Colossus (Chrono Boost)  
  71  5:10  Pylon, Probe  
  71  5:13  Probe  
  71  5:14  Sentry, Gateway  
  75  5:17  Gateway  
  75  5:24  Probe (Chrono Boost)  
  75  5:25  Gateway  
  75  5:27  Probe (Chrono Boost)  
  77  5:37  Probe (Chrono Boost)  
  77  5:38  Probe x2 (Chrono Boost)  
  80  5:45  Colossus (Chrono Boost)  
  80  5:47  Probe  
  80  5:48  Sentry  
  80  5:49  Pylon, Probe  
  90  5:50  Probe  
  90  5:55  Gateway x2  
  91  5:59  Probe  
  91  6:01  Probe  
  93  6:06  Probe  
  93  6:11  Stalker x2  
  98  6:15  Twilight Council  
  98  6:16  Forge  
  98  6:19  Zealot, Pylon  
  98  6:24  Zealot, Probe  
  98  6:25  Colossus  
  103  6:29  Probe x2  
  111  6:33  Assimilator  
  111  6:34  Zealot x2  
  111  6:36  Gravitic Drive (Chrono Boost)  
  111  6:37  Assimilator  
  111  6:38  Probe  
  111  6:39  Charge  
  116  6:43  Probe  
  116  6:45  Probe  
  118  6:52  Protoss Ground Weapons Level 1 (Chrono Boost)  
  118  6:58  Probe  
  119  7:03  Gateway  
  119  7:04  Gateway  
  119  7:07  Gateway  
  119  7:09  Templar Archives  
  119  7:10  Gateway  
  119  7:12  Pylon  
  119  7:13  Pylon  
  119  7:14  Nexus  
  119  7:19  Pylon  
  119  7:22  Observer  
  120  7:31  Forge  
  120  7:34  Zealot x6  
  120  7:35  Probe  
  120  7:36  Probe x2  
  135  7:48  Pylon, Probe x2  
  135  7:49  Probe  
  138  7:55  Immortal (Chrono Boost)  
  138  7:58  Shield Battery  
  142  7:59  Protoss Ground Armor Level 1 (Chrono Boost)  
  142  8:00  Probe x2  
  142  8:03  Probe  
  145  8:08  High Templar x4  
  145  8:09  Gateway  
  145  8:10  Gateway  
  145  8:12  Archon x2  
  153  8:13  Zealot x2  
  153  8:16  Pylon  
  153  8:17  Observer  
  153  8:19  Blink  
  157  8:26  Robotics Facility, Warp Prism  
  159  8:28  Pylon x2  
  159  8:40  Nexus  
  159  8:42  Pylon  
  159  8:43  Pylon  
  159  8:44  Protoss Ground Weapons Level 2 (Chrono Boost)  
  159  8:48  Zealot x4  
  159  8:53  Observer  
  167  8:56  High Templar x2, Zealot  
  167  9:00  Archon  
  173  9:04  Zealot x3  
  175  9:25  High Templar x4  
  175  9:26  Zealot x6  
  195  9:32  Archon  
  195  9:33  Archon  
  195  9:34  Photon Cannon  
  195  9:37  Zealot x2  
  199  9:42  Gateway x2  
  199  9:43  Photon Cannon  
  199  9:44  Shield Battery  
  181  10:02  Stalker x3  
  181  10:03  Stalker x6  
  188  10:09  Probe x5  
  193  10:14  Stargate  
  186  10:21  Probe  
  186  10:22  Shield Battery  
  186  10:24  Photon Cannon  
  186  10:25  Protoss Ground Armor Level 2 (Chrono Boost), Shield Battery  
  186  10:28  Photon Cannon  
  186  10:31  Zealot x3, Photon Cannon  
  192  10:36  Shield Battery  
  192  10:38  Photon Cannon  
  192  10:39  Pylon  
  192  10:41  Photon Cannon  
  192  10:42  Shield Battery  
  188  10:58  Pylon  
  188  11:01  Void Ray (Chrono Boost)  
  192  11:04  Photon Cannon  
  192  11:06  Disruptor x2, Pylon  
  200  11:12  Protoss Ground Weapons Level 3 (Chrono Boost)  
  187  11:29  Nexus  
  187  11:30  Zealot x3  
  187  11:31  Zealot x3  
  187  11:32  Pylon  
  199  11:33  Pylon  
  159  11:44  Disruptor x2 (Chrono Boost)  
  147  11:50  Zealot x8  
  147  11:51  Zealot x3  
  136  12:05  Probe x3  
  136  12:06  Probe  
  138  12:09  Disruptor (Chrono Boost)  
  138  12:12  Zealot x7  
  128  12:23  Zealot x5  
  120  12:38  Zealot x7  
  120  12:43  Disruptor (Chrono Boost)  
  138  12:48  Disruptor (Chrono Boost)  
  128  12:55  Nexus  
  128  12:57  Observer  
  128  12:58  High Templar x4  
  126  12:59  High Templar x2  
  126  13:02  Archon x2  
  126  13:04  Archon  
  126  13:05  High Templar x2  
  134  13:06  Zealot x2  
  134  13:09  Archon  
  136  13:13  Disruptor (Chrono Boost)  
  136  13:16  Pylon  
  140  13:27  Stalker x6  
  151  13:35  Observer (Chrono Boost)  
  152  13:43  Pylon  
  152  13:44  Disruptor (Chrono Boost)  
  150  13:50  Sentry  
  150  13:51  Zealot x7  
  150  13:53  Zealot  
  150  13:55  Zealot  
  154  14:03  Protoss Shields Level 1 (Chrono Boost)  
  154  14:06  Shield Battery  
  154  14:09  Protoss Ground Armor Level 3 (Chrono Boost)  
  154  14:11  Zealot x3  
  160  14:26  High Templar x2  
  160  14:27  Zealot x5  
  160  14:30  Archon  
  166  14:41  Nexus  
  166  14:44  Disruptor x2 (Chrono Boost)  
  157  14:55  Zealot x4  
  161  15:14  Observer (Chrono Boost)  
  161  15:15  Observer (Chrono Boost)  
  161  15:20  Zealot x7  
  161  15:21  Zealot  
  179  15:25  Zealot  
  179  15:26  Zealot x2  
  185  15:31  Warp Prism  
  137  15:46  Zealot x2  
  137  15:47  Zealot x8  
  137  15:49  Observer  
  134  16:07  Probe x2  
  134  16:08  Probe x3  
  134  16:10  Pylon  
  135  16:19  Zealot x2, Stalker x6  
  135  16:20  Sentry, Shield Battery  
  135  16:22  Disruptor  
  157  16:27  Zealot x2  
  154  16:46  Observer  
  154  16:49  Observer, Disruptor  
  154  16:51  Zealot x2  
  154  16:52  Zealot x3  
  154  16:54  Probe  
  160  16:58  Disruptor  
  161  17:12  Protoss Shields Level 2 (Chrono Boost)  
  161  17:16  Nexus  
  161  17:17  Probe  
  161  17:18  Pylon  
  161  17:21  Photon Cannon  
  162  17:23  Photon Cannon  
  162  17:25  Colossus  
  162  17:29  Stalker  
  170  17:30  Stalker x2  
  170  17:36  Assimilator  
  172  17:37  Assimilator  
  172  17:38  Zealot x2  
  172  17:43  Zealot x2  
  178  17:51  Zealot x3  
  167  17:54  Zealot x2  
  171  18:03  Zealot x3  
  177  18:07  Observer  
  177  18:08  Shield Battery  
  178  18:19  Observer  
  175  18:20  Zealot x5  
  175  18:24  Zealot x2  
  163  18:35  High Templar x4  
  163  18:36  Zealot x3  
  175  18:41  Warp Prism  
  175  18:42  Archon  
  175  18:43  Archon  
  175  18:47  Colossus  
  183  18:58  Zealot x2  
  183  18:59  Zealot x3  
  155  19:21  Zealot x3  
  155  19:22  Zealot x7  
  157  19:32  Nexus  
  157  19:34  Sentry  
  157  19:35  High Templar x2  
  163  19:42  Archon, Colossus  
  163  19:43  Observer  
  167  19:50  Stalker x3  
  173  19:54  Observer  
  167  20:06  Gravitic Boosters  
  165  20:13  Protoss Shields Level 3 (Chrono Boost)  
  165  20:14  Pylon  
  165  20:16  Nexus  
  163  20:26  Observer  
  164  20:28  Stalker x4  
  164  20:29  Zealot x2, Stalker  
  178  20:41  Assimilator x2  
  178  20:45  Zealot x3, Stalker  
  178  20:48  Zealot x2  
  186  21:07  Zealot x8  
  198  21:30  Dark Shrine  
  198  21:36  Pylon  
  198  21:38  Warp Prism  
  198  21:40  Zealot  
  197  22:07  Warp Prism  
  197  22:12  Psionic Storm  
  197  22:20  Shield Battery  
  197  22:22  Assimilator  
  193  22:23  Assimilator, Photon Cannon  
  193  22:24  Shield Battery  
  193  22:25  Photon Cannon  
  193  22:26  Photon Cannon  
  193  22:27  Photon Cannon  
  193  22:28  Pylon  
  193  22:31  Photon Cannon  
  181  22:47  Zealot x6  
  181  22:48  Stalker x4  
  195  22:54  Disruptor  
  195  22:55  Shadow Stride (Chrono Boost), Disruptor  
  194  23:06  Robotics Facility  
  194  23:08  Robotics Facility  
  180  23:21  Stalker x8  
  180  23:22  Stalker x3  
  200  23:33  Disruptor  
  197  23:41  Stalker  
  197  23:44  Photon Cannon  
  197  23:46  Nexus  
  197  23:51  Observer  
  183  23:56  Stalker x7  
  183  23:57  High Templar, Stalker  
  183  24:17  Observer  
  173  24:24  Stalker x4, Pylon  
  173  24:25  Zealot x6, Stalker  
  173  24:28  Assimilator  
  173  24:29  Assimilator  
  192  24:42  Assimilator  
  192  24:43  Assimilator  
  161  24:54  Zealot x10  
  161  24:55  Zealot x2  
  166  25:04  Observer  
  164  25:09  Stalker x2  
  168  25:14  Stalker x4  
  168  25:16  Zealot x2  
  174  25:34  Gateway  
  174  25:35  Gateway  
  174  25:37  Gateway  
  174  25:40  Gateway  
  174  25:47  Zealot x8  
  178  26:04  Zealot x3  
  178  26:05  Zealot x2  
  186  26:12  Photon Cannon  
  186  26:13  Cybernetics Core, Photon Cannon  
  186  26:15  Photon Cannon  
  186  26:22  Dark Shrine  
  185  26:28  Observer  
  185  26:39  Pylon  
  185  26:40  Pylon  
  185  26:41  Pylon  
  185  26:42  Pylon  
  185  26:45  Gateway, Pylon  
  185  26:46  Gateway x2  
  183  26:55  Pylon  
  183  26:57  Fleet Beacon, Pylon  
  183  27:00  Stargate  
  183  27:05  Observer  
  179  27:14  Stalker x4  
  172  27:31  Probe  
  172  27:32  Probe x2  
  172  27:34  Nexus  
  172  27:36  Pylon  
  175  27:43  Probe  
  175  27:44  Probe  
  171  27:46  Zealot x6  
  171  27:47  Zealot  
  145  27:51  Probe  
  140  28:02  Tempest x2  
  148  28:08  Zealot x3  
  154  28:20  Robotics Facility, Shield Battery  
  154  28:23  Sentry  
  154  28:25  High Templar  
  154  28:26  Probe (Chrono Boost)  
  162  28:31  Probe x2 (Chrono Boost)  
  162  28:32  Probe (Chrono Boost)  
  162  28:36  Probe (Chrono Boost)  
  162  28:39  Probe (Chrono Boost)  
  152  28:44  Zealot x5  
  158  28:58  Zealot x2  
  162  29:07  Gateway  
  162  29:08  Gateway, Stalker x4  
  162  29:18  Probe x2  
  164  29:27  Pylon  
  164  29:29  Robotics Facility  

Tags
 
Add a new tag
Caveats
  • Supply blocks, unpowered buildings, or Contaminate may cause inaccurate times.
  • Supply counts are checked every 10 seconds.